 Dungeon Crawl Stone Soup version 0.27-a0-988-g25969acef8 (webtiles) character file.

Game seed: 17988622432003976898

35180 spiderkeys the Spear-Bearer (level 13, -17/106 HPs)
             Began as a Demonspawn Abyssal Knight on Apr 16, 2021.
             Was a High Priest of Lugonu.
             Demolished by Rupert
             ... wielding a +3 vorpal great sword
              (23 damage)
             ... on level 3 of the Lair of Beasts.
             The game lasted 00:28:24 (19925 turns).

spiderkeys the Spear-Bearer (DsAK)                 Turns: 19925, Time: 00:28:25

Health: -17/106    AC: 29    Str: 17    XL:     13   Next: 46%
Magic:  22/22      EV: 11    Int: 14    God:    Lugonu [*****.]
Gold:   1658       SH: 12    Dex: 13    Spells: 20/25 levels left

rFire    . . .     SeeInvis .   V - +2 demon trident (freeze)
rCold    . . .     Faith    .   v - +2 buckler
rNeg     . . .     Spirit   .   E - +0 plate armour
rPois    +         Reflect  +   t - +2 helmet
rElec    .         Harm     .   n - +0 cloak
rCorr    .         Rampage  .   q - +0 pair of gloves
Will     +....                  (no boots)
Stlth    ..........             d - amulet of reflection
HPRegen  0.27/turn              c - ring of willpower
MPRegen  0.18/turn              G - ring of poison resistance

@: agile, sanguine armoured
A: hooves 2, powered by pain 2, spiny 3, sanguine armour 2
a: Renounce Religion, Depart the Abyss, Bend Space, Banish, Corrupt, Enter the
Abyss


You were on level 3 of the Lair of Beasts.
You worshipped Lugonu.
Lugonu was extremely pleased with you.
You visited 2 branches of the dungeon, and saw 15 of its levels.
You visited the Abyss 1 time.
You also visited: Gauntlet.

You collected 1689 gold pieces.
You spent 31 gold pieces at shops.

Inventory:

Hand Weapons
 k - the +7 flail of the Equator {flame, Str+2}
   (You found it on level 2 of the Dungeon)

   It has been specially enchanted to burn those struck by it, causing extra
   injury to most foes and up to half again as much damage against particularly
   susceptible opponents.
   It affects your strength (+2).
 I - a +4 trident of holy wrath
 V - a +2 demon trident of freezing (weapon)
Missiles
 D - 2 throwing nets
 Q - 2 curare-tipped darts
Armour
 m - a +2 ring mail of willpower
 n - a +0 cloak (worn)
 p - a +0 tower shield
 q - a +0 pair of gloves (worn)
 t - a +2 helmet (worn)
 v - a +2 buckler (worn)
 E - a +0 plate armour (worn)
Jewellery
 c - a ring of willpower (left hand)
 d - an amulet of reflection (around neck)
 e - a ring of flight
 i - an amulet of regeneration
 o - a ring of magical power
 x - a ring of fire
 B - a +6 ring of intelligence
 G - a ring of poison resistance (right hand)
 J - the amulet of Vittu {RegenMP Dex+5}
   (You found it in a Gauntlet)

   [amulet of magic regeneration]

   It increases your rate of magic regeneration.
   It affects your dexterity (+5).
 O - the ring of the Lich-sworn {Will+ Str-2 Dex+6 SInv}
   (You found it on level 1 of the Lair of Beasts)

   [ring of dexterity]

   It affects your strength (-2).
   It affects your dexterity (+6).
   It lets you see invisible.
   It increases your willpower.
 W - a ring of protection from fire
Wands
 b - a wand of flame (62)
 r - a wand of iceblast (6)
 s - a wand of paralysis (13)
 P - a wand of polymorph (8)
 Y - a wand of mindburst (9)
Scrolls
 g - 2 scrolls of enchant armour
 l - 7 scrolls of teleportation
 y - a scroll of fog
 N - 2 scrolls of amnesia
 T - a scroll of summoning
 U - a scroll of blinking
Potions
 h - 5 potions of might
 j - a potion of resistance
 w - 2 potions of attraction
 z - 2 potions of ambrosia
 C - 4 potions of lignification
 F - a potion of mutation
 H - a potion of brilliance {unknown}
 M - 2 potions of flight
 R - a potion of haste {unknown}
 S - 2 potions of magic
 X - a potion of heal wounds


   Skills:
 + Level 11.0 Fighting
 + Level 12.0 Polearms
 + Level 10.0 Armour
 - Level 1.3 Dodging
 - Level 4.0 Shields
 + Level 6.5 Spellcasting
 + Level 8.1 Necromancy
 - Level 7.4 Invocations


You had 20 spell levels left.
You knew the following spells:

 Your Spells              Type           Power      Damage    Failure   Level
a - Animate Skeleton      Necr           54%        N/A       14%         1
b - Animate Dead          Necr           13%        N/A       80%         4

Your spell library contained the following spells:

 Spells                   Type           Power      Damage    Failure   Level
 Pain                     Necr           100%       1d9       14%         1
 Vampiric Draining        Necr           13%        2d7       38%         3
 Foxfire                  Conj/Fire      16%        2x1d4     98%         1
 Shock                    Conj/Air       16%        1d4       98%         1
 Sting                    Tmut/Pois      16%        1d3       98%         1
 Agony                    Necr           27%        N/A       98%         5
 Poisonous Vapours        Pois/Air       8%         N/A       99%         2
 Static Discharge         Conj/Air       4%         N/A       99%         2
 Confusing Touch          Hex            4%         N/A       100%        3
 Conjure Flame            Conj/Fire      4%         6-21      100%        3
 Gell's Gravitas          Tloc           2%         N/A       100%        3
 Ignite Poison            Fire/Tmut/Pois 4%         N/A       100%        3
 Inner Flame              Hex/Fire       4%         N/A       100%        3
 Mephitic Cloud           Conj/Pois/Air  4%         N/A       100%        3
 Swiftness                Air            4%         N/A       100%        3
 Airstrike                Air            2%         N/A       100%        4
 Animate Armour           Summ/Erth      8%         N/A       100%        4
 Leda's Liquefaction      Hex/Erth       2%         N/A       100%        4
 Olgreb's Toxic Radiance  Pois           4%         N/A       100%        4
 Petrify                  Tmut/Erth      4%         N/A       100%        4
 Sticky Flame             Conj/Fire      4%         2d3       100%        4
 Bolt of Magma            Conj/Fire/Erth 2%         4d4       100%        5
 Fireball                 Conj/Fire      2%         3d4       100%        5
 Lightning Bolt           Conj/Air       2%         1d13      100%        5
 Metabolic Englaciation   Hex/Ice        2%         N/A       100%        5
 Yara's Violent Unravell  Hex/Tmut       2%         3d3       100%        5
 Iron Shot                Conj/Erth      2%         9d2       100%        6
 Statue Form              Tmut/Erth      2%         N/A       100%        6
 Shatter                  Erth           2%         3d6*      100%        9


Dungeon Overview and Level Annotations

Branches:
Dungeon (12/15)            Temple (0/1) D:4            Lair (3/6) D:9
 Shoals (0/4) Lair:2          Orc (0/2) D:11        Gauntlet (visited)
  Snake: Lair:2-4    Spider: Lair:2-4

Altars:
Fedhas
Makhleb
Nemelex Xobeh
Okawaru
Qazlal
Sif Muna
Trog
Wu Jian
Zin
Beogh
Jiyva

Shops:
D:5 *

Annotations:
Lair:3 Rupert
Abyss:1 Snorg


Innate Abilities, Weirdness & Mutations

You have hoof-like feet.
You sometimes gain power by taking damage.
You are completely covered in sharp spines.
When seriously injured, your bleeding wounds create thick armour. (AC +9)


Message History

You kick Rupert, but do no damage.
Rupert is lightly wounded.
You hit Rupert. You freeze Rupert.
Rupert is lightly wounded.
Rupert hits you but does no damage.
A dream sheep comes into view.
You hit Rupert. You freeze Rupert.
Rupert is lightly wounded.
You block Rupert's attack.
You puncture Rupert! You freeze Rupert. You kick Rupert!
Rupert is moderately wounded.
The dream sheep ruffle their wool and motes of dream dust sparkle, to no effect.
You hit Rupert. You freeze Rupert. You kick Rupert, but do no damage.
Rupert is moderately wounded.
Rupert hits you with a +3 vorpal great sword!
You puncture Rupert! You freeze Rupert.
Rupert is moderately wounded.
Rupert is struck by your spines.
Rupert hits you with a +3 vorpal great sword!
You completely miss Rupert. You kick Rupert, but do no damage.
Rupert is moderately wounded.
You puncture Rupert! You freeze Rupert. You kick Rupert, but do no damage.
Rupert is heavily wounded.
Rupert is struck by your spines. Rupert barely misses you.
The dream sheep completely misses you.
You barely miss Rupert.
Rupert is heavily wounded.
Rupert hits you but does no damage.
The dream sheep bites you but does no damage.
The dream sheep shake their wool and sparkle.
You feel drowsy...
You fall asleep.
Rupert is struck by your spines.
Rupert hits you with a +3 vorpal great sword!!!!
You wake up.
Ouch! That really hurt!
* * * LOW HITPOINT WARNING * * *
You focus on the pain.
You feel agile all of a sudden.
Your blood congeals into armour.
You die...

###......#####
##...........#
#P..P.P#P...... ##
##.##.#####.### P.
##.##.# ## .
...#..###### .# .#
..###.#P.#.# ####Y#.##
####(.....#####P#@...P##
# ##.##..P#P>..@Y......
# #####.###.##.†..#P.# #
#..##..####..# #
#..###.## #.# #
##..##..# .# ##
##.###.## . P#
#####...#..###P# #
.###..##............P
...........>....###..


You could see Rupert and 2 dream sheep.

Vanquished Creatures
  5 hydras
  A boulder beetle (D:11)
  Erolcha (D:9)
  2 two-headed ogres
  A tengu warrior (Gauntlet)
  Urug (Lair:2)
  A soul eater (Gauntlet)
  3 cyclopes (D:11)
  2 manticores
  Maurice (D:9)
  3 black mambas
  A centaur zombie (D:10)
  3 gargoyles
  6 cane toads
  An unseen horror (D:11)
  2 rime drakes
  3 komodo dragons
  A kobold demonologist (D:12)
  2 tengu conjurers (Gauntlet)
  2 polar bears
  A troll (D:9)
  2 hornets
  14 blink frogs
  A wind drake (Lair:2)
  A dream sheep (Lair:3)
  7 slime creatures
  Sigmund (D:3)
  2 centaur simulacra (Gauntlet)
  38 yaks
  4 wraiths
  2 wyverns
  2 steam dragons
  A redback simulacrum (Gauntlet)
  A vampire mosquito (D:12)
  A harpy simulacrum (Gauntlet)
  5 water moccasins
  A meliai simulacrum (Gauntlet)
  6 orc warriors
  An ice beast (D:5)
  2 black bears
  2 ogres
  A sky beast (D:6)
  A necrophage (D:6)
  9 centaurs
  Blork the orc (D:4)
  9 bullfrogs
  A wyvern zombie (D:8)
  2 scorpions
  2 water moccasin skeletons (D:5)
  2 electric eels (D:6)
  3 howler monkeys
  2 hounds
  2 bullfrog skeletons
  4 jellies
  2 gnoll shamans
  5 orc priests
  Natasha (twice) (D:4)
  4 iguanas
  11 orc wizards
  Robin (D:4)
  16 gnolls
  3 howler monkey skeletons
  7 adders
  3 shadow imps (Gauntlet)
  An adder skeleton (D:4)
  A worm (D:2)
  2 dart slugs
  32 orcs
  5 bats
  4 giant cockroaches
  18 goblins
  16 hobgoblins
  2 jackals (D:1)
  13 kobolds
  2 quokkas
  4 ball pythons
  2 frilled lizards
  5 rats
337 creatures vanquished.

Vanquished Creatures (others)
  14 demonic plants (Gauntlet)
  2 fungi
  73 plants
  4 starspawn tentacles (Abyss:1)
  26 withered plants (Gauntlet)
119 creatures vanquished.

Grand Total: 456 creatures vanquished

Notes
Turn   | Place    | Note
-------+----------+-------------------------------------------
     0 | Abyss:1  | spiderkeys the Demonspawn Abyssal Knight began the quest
                  | for the Orb.
     0 | Abyss:1  | Reached XP level 1. HP: 18/18 MP: 2/2
    32 | Abyss:1  | Found a corrupted altar of Lugonu.
   104 | Abyss:1  | Noticed a rakshasa
   123 | Abyss:1  | Noticed a tentacled starspawn
   142 | Abyss:1  | Noticed a starcursed mass
   148 | Abyss:1  | Noticed a worldbinder
   149 | D:1      | Escaped the Abyss
   422 | D:1      | Reached skill level 1 in Dodging
   425 | D:1      | Reached skill level 2 in Polearms
   492 | D:1      | Found a faded altar of an unknown god.
   503 | D:1      | Gained mutation: You are partially covered in sharp spines.
                  | [demonic ancestry]
   503 | D:1      | Reached XP level 2. HP: 24/24 MP: 3/3
   590 | D:1      | Reached * piety under Lugonu
  1253 | D:2      | Gained mutation: You have large cloven feet. [demonic
                  | ancestry]
  1253 | D:2      | Reached XP level 3. HP: 29/29 MP: 5/5
  1422 | D:2      | Learned a level 1 spell: Animate Skeleton
  1542 | D:2      | Identified the +7 flail of the Equator {flame, Str+2}
  1751 | D:2      | Gained mutation: When seriously injured, your bleeding
                  | wounds create armour. (AC +9) [demonic ancestry]
  1751 | D:2      | Reached XP level 4. HP: 35/35 MP: 6/6
  2205 | D:3      | Reached ** piety under Lugonu
  2283 | D:3      | Reached skill level 3 in Polearms
  2723 | D:3      | Noticed Sigmund
  2733 | D:3      | HP: 1/35 [Sigmund/+0 scythe (12)]
  2736 | D:3      | Killed Sigmund
  2737 | D:3      | Gained mutation: You are mostly covered in sharp spines.
                  | [demonic ancestry]
  2737 | D:3      | Reached XP level 5. HP: 1/42 MP: 6/8
  2737 | D:3      | Gained mutation: You have hoof-like feet. [demonic
                  | ancestry]
  2737 | D:3      | Reached XP level 6. HP: 1/48 MP: 6/9
  3211 | D:3      | Found a burning altar of Makhleb.
  3374 | D:4      | Noticed Natasha
  3378 | D:4      | Killed Natasha
  3424 | D:4      | Reached skill level 4 in Polearms
  3490 | D:4      | Noticed Natasha
  3494 | D:4      | Killed Natasha
  3936 | D:4      | Found a staircase to the Ecumenical Temple.
  4001 | D:4      | Noticed Robin
  4010 | D:4      | Killed Robin
  4203 | D:4      | Gained mutation: You are completely covered in sharp
                  | spines. [demonic ancestry]
  4203 | D:4      | Reached XP level 7. HP: 44/55 MP: 10/10
  4373 | D:4      | Noticed Blork the orc
  4382 | D:4      | Killed Blork the orc
  4383 | D:4      | Reached skill level 5 in Invocations
  4641 | D:5      | Entered Level 5 of the Dungeon
  4704 | D:5      | Noticed a wraith
  4713 | D:5      | Killed a wraith
  4714 | D:5      | Reached skill level 5 in Polearms
  4737 | D:5      | Reached *** piety under Lugonu
  4831 | D:5      | Reached skill level 5 in Fighting
  4886 | D:5      | Gained mutation: You sometimes gain a little power by
                  | taking damage. [demonic ancestry]
  4886 | D:5      | Reached XP level 8. HP: 56/62 MP: 12/12
  5099 | D:5      | Found Judaniw's Assorted Antiques.
  5109 | D:5      | Bought a scroll labelled RAOFAUZOFF for 31 gold pieces
  5638 | D:5      | Reached skill level 6 in Polearms
  6391 | D:6      | Reached skill level 5 in Armour
  6442 | D:6      | Reached skill level 7 in Polearms
  6442 | D:6      | Reached XP level 9. HP: 32/69 MP: 14/14
  6997 | D:7      | Identified the +5 long sword "Gid Ziar" {vorpal, *Slow
                  | +Rage Dex+4 SInv}
  7117 | D:7      | Reached skill level 1 in Shields
  7120 | D:7      | Found an iron altar of Okawaru.
  7424 | D:8      | Found a stormy altar of Qazlal.
  7470 | D:8      | Found a blossoming altar of Fedhas.
  7512 | D:8      | Reached skill level 8 in Polearms
  7792 | D:8      | Found a sparkling altar of Nemelex Xobeh.
  7829 | D:8      | Reached **** piety under Lugonu
  8342 | D:9      | Noticed Maurice
  8355 | D:9      | Killed Maurice
  8356 | D:9      | Gained mutation: When seriously injured, your bleeding
                  | wounds create thick armour. (AC +9) [demonic ancestry]
  8356 | D:9      | Reached XP level 10. HP: 40/79 MP: 15/15
  8625 | D:9      | Found a staircase to the Lair.
  8899 | D:9      | Found a bloodstained altar of Trog.
  9213 | D:9      | Noticed Erolcha
  9231 | D:9      | Killed Erolcha
  9232 | D:9      | Reached skill level 9 in Polearms
  9517 | D:9      | Noticed a two-headed ogre
  9523 | D:9      | Killed a two-headed ogre
  9986 | D:9      | Found a shimmering blue altar of Sif Muna.
 10058 | D:10     | Entered Level 10 of the Dungeon
 10058 | D:10     | Noticed a gargoyle
 10065 | D:10     | Killed a gargoyle
 10083 | D:10     | Noticed a two-headed ogre
 10091 | D:10     | Killed a two-headed ogre
 10092 | D:10     | Reached skill level 10 in Polearms
 10228 | D:10     | Found a viscous altar of Jiyva.
 10392 | D:10     | Gained mutation: You sometimes gain power by taking damage.
                  | [demonic ancestry]
 10392 | D:10     | Reached XP level 11. HP: 86/87 MP: 16/16
 10399 | D:10     | Reached skill level 1 in Necromancy
 10515 | D:10     | Found an ornate altar of the Wu Jian Council.
 10785 | D:10     | Noticed Snorg
 10810 | D:10     | Reached skill level 1 in Spellcasting
 11160 | D:10     | Banished Snorg
 11901 | D:11     | Found a staircase to the Orcish Mines.
 12610 | D:11     | Noticed a boulder beetle
 12630 | D:11     | Killed a boulder beetle
 13335 | D:12     | Reached XP level 12. HP: 55/96 MP: 17/17
 13347 | D:12     | Reached skill level 5 in Necromancy
 13348 | D:12     | Noticed a seven-headed hydra
 13352 | D:12     | Killed a seven-headed hydra
 13353 | D:12     | Reached skill level 11 in Polearms
 13457 | D:12     | Reached ***** piety under Lugonu
 13475 | D:12     | Found a gate leading to a gauntlet.
 13486 | Gauntlet | Entered a Gauntlet
 13486 | Gauntlet | Found a transporter.
 13724 | Gauntlet | Noticed a tengu warrior
 13732 | Gauntlet | Found a transporter.
 13747 | Gauntlet | Found a transporter.
 13752 | Gauntlet | Found a transporter.
 13767 | Gauntlet | Found a transporter.
 13786 | Gauntlet | Found a transporter.
 13795 | Gauntlet | Found a transporter.
 13803 | Gauntlet | Noticed an entropy weaver
 13807 | Gauntlet | Noticed a death scarab
 13809 | Gauntlet | Noticed a death scarab
 13810 | Gauntlet | Found a transporter.
 13816 | Gauntlet | Found a transporter.
 13831 | Gauntlet | Found a transporter.
 13842 | Gauntlet | Noticed a hell beast
 13843 | Gauntlet | Found a transporter.
 13860 | Gauntlet | Found a transporter.
 13878 | Gauntlet | Found a transporter.
 13880 | Gauntlet | Found a transporter.
 13905 | Gauntlet | Found a transporter.
 13907 | Gauntlet | Found a transporter.
 13927 | Gauntlet | Found a transporter.
 14005 | Gauntlet | Found a transporter.
 14516 | Gauntlet | Killed a tengu warrior
 14517 | Gauntlet | Reached skill level 10 in Fighting
 14776 | Gauntlet | Identified the amulet of Vittu {RegenMP Dex+5}
 14938 | Gauntlet | Identified the +8 falchion "Zaeloam" {drain, Stlth+}
 14938 | Gauntlet | Noticed a minotaur
 14951 | Gauntlet | Banished a minotaur
 14974 | Gauntlet | Identified the +5 spear "Siriciun" {vorpal, rF++ Str-5}
 15208 | D:12     | Reached skill level 5 in Spellcasting
 15551 | D:12     | Identified the +1 dagger "Leibia" {vorpal, rElec Will+}
 16012 | Lair:1   | Entered Level 1 of the Lair of Beasts
 17124 | Lair:1   | Identified the ring of the Lich-sworn {Will+ Str-2 Dex+6
                  | SInv}
 17167 | Lair:1   | Noticed a four-headed hydra
 17175 | Lair:1   | Killed a four-headed hydra
 17176 | Lair:1   | Reached XP level 13. HP: 38/104 MP: 21/21
 17742 | Lair:1   | Identified a scroll of acquirement
 17742 | Lair:1   | Acquired 623 gold pieces
 18379 | Lair:2   | Noticed Urug
 18398 | Lair:2   | Killed Urug
 19024 | Lair:2   | Found a staircase to the Shoals.
 19542 | Lair:2   | Acquired a +0 demon trident of freezing
 19556 | Lair:2   | Learned a level 4 spell: Animate Dead
 19728 | Lair:3   | Reached skill level 12 in Polearms
 19728 | Lair:3   | Reached skill level 10 in Armour
 19911 | Lair:3   | Noticed Rupert
 19925 | Lair:3   | Demolished by Rupert

Illustrated notes

Levels and vault maps discovered:
D:1:      heliophobic_arrival_ceremonial_halls, layout_loops_ring,
          shapermc_ecumenical_altar_mp_ritualfount, st_stairs_11
D:2:      layout_rooms, columned_hall_lemuel, nrook_loot_triangle,
          grunt_decor_cap, minivault_27, grunt_decor_junction
D:3:      layout_loops_ring, marbit_many_paths, uniq_sigmund
D:4:      layout_loops_corners, minmay_temple_entry_ruins, uniq_robin,
          uniq_natasha, uniq_blork_the_orc
D:5:      layout_basic, serial_shops, shop, kennysheep_generic_room_5
D:6:      layout_loops_ring, serial_bayou, serial_bayou_lagoon_a,
          serial_bayou_pond_c, serial_bayou_pond_d, serial_bayou_pond_c,
          serial_bayou_pond_a, minmay_misc_feat_x
D:7:      layout_cave_pools, kennysheep_little_box, kennysheep_okawaru_gauntlet
D:8:      layout_basic, amcnicky_altar_gilded, overflow_temple_1_default,
          nicolae_qazlal_general_emergency
D:9:      layout_long_grid, kennysheep_orc_sif_temple, trog_hazing_becter,
          david_lair_shrubbed, uniq_maurice, uniq_erolcha
D:10:     layout_long_grid, general_overflow_altar,
          hangedman_abyss_or_decor_slice, jiyva_altar_1, uniq_snorg
D:11:     layout_loops_ring, david_orc_5, kennysheep_generic_room_8
D:12:     hangedman_cross_stitches, layout_basic, gauntlet_entry_generic,
          kennysheep_doodads
Lair:1:   layout_gridlike, minmay_hedge_maze, serial_bayou_shore_b,
          grunt_megastairs_1
Lair:2:   layout_hall_layers, minmay_shoals_entry_beasts,
          minmay_shattered_shrine, grunt_megastairs_4, uniq_urug
Lair:3:   layout_loops_ring, uniq_rupert

Skill      XL: |  1  2  3  4  5  6  7  8  9 10 11 12 13 |
---------------+----------------------------------------+-----
Dodging        | 1 |  1.3
Polearms       | 2 3 4 5 7 8 10 11 12 | 12.0
Armour         | 2 3 4 5 6 7 8 9 10 | 10.0
Invocations    | 3 4 5 7 |  7.4
Fighting       | 4 5 6 7 8 9 10 11 | 11.0
Shields        | 2 4 |  4.0
Necromancy     | 4 7 8 |  8.1
Spellcasting   | 3 5 6 |  6.5

Action                   |  1- 3 |  4- 6 |  7- 9 | 10-12 | 13-15 || total
-------------------------+-------+-------+-------+-------+-------++-------
Melee: Spear             |    84 |       |       |    40 |       ||   124
       Flail             |    12 |    84 |   157 |   425 |    76 ||   754
       Kick              |     4 |    13 |    31 |   149 |    40 ||   237
       Demon trident     |       |       |       |       |    61 ||    61
Invok: Depart the Abyss  |     1 |       |       |       |       ||     1
       Banish            |       |       |       |     7 |       ||     7
Evoke: Wand              |       |       |     3 |     3 |       ||     6
  Use: Scroll            |       |     4 |    10 |     8 |     7 ||    29
       Potion            |       |     2 |       |     6 |       ||     8
 Stab: Paralysed         |       |       |     6 |     6 |       ||    12
Armor: Leather armour    |     7 |     3 |       |       |       ||    10
       Ring mail         |       |    36 |    51 |    21 |       ||   108
       Plate armour      |       |       |       |   268 |   130 ||   398
Dodge: Dodged            |    25 |    36 |    59 |   114 |    46 ||   280
Block: Other             |    14 |    20 |    22 |       |       ||    56
       Reflection        |       |     1 |     5 |    12 |     1 ||    19
       Buckler           |       |       |    52 |   293 |   110 ||   455

Table legend: (Time is in decaauts)
 A = Elapsed time spent in this place.
 B = Non-inter-level travel time spent in this place.
 C = Inter-level travel time spent in this place.
 D = Time resting spent in this place.
 E = Time spent auto-exploring this place.
 F = Levels seen in this place.
 G = Mean time per level.
                   A        B        C        D        E       F      G
               +--------+--------+--------+--------+--------+-----+--------+
         Total |  20193 |  19702 |    491 |   3136 |  13760 |  17 | 1187.8 |
       Dungeon |  14545 |  14085 |    460 |   2056 |  10021 |  12 | 1212.1 |
          Lair |   3951 |   3921 |     30 |    240 |   3286 |   3 | 1317.0 |
         Abyss |    149 |    149 |      0 |      0 |    104 |   1 |  149.0 |
      Gauntlet |   1547 |   1547 |      0 |    840 |    349 |   1 | 1547.0 |
               +--------+--------+--------+--------+--------+-----+--------+

Top non-repeatable levels by time:
    D:11: 1951 daAuts
  Lair:2: 1820 daAuts
  Lair:1: 1789 daAuts
Gauntlet: 1547 daAuts
     D:9: 1410 daAuts
     D:4: 1408 daAuts
     D:8: 1324 daAuts
    D:12: 1314 daAuts
     D:5: 1279 daAuts
     D:3: 1267 daAuts
    D:10: 1226 daAuts
     D:1: 1096 daAuts
     D:6: 1081 daAuts
     D:2: 758 daAuts
     D:7: 426 daAuts
